3R
QUEBEC ROOKIES @ CROWLEY CAJUNS
08/16/2033
 
TOP OF THE 1ST
Quebec Rookies batting - Pitching for Crowley Cajuns : RHP Zhong-yi Huang
Pitching: RHP Zhong-yi Huang
Batting: LHB Scott Miles 0-0: Ball
1-0: Foul Ball, location: 2F
1-1: Swinging Strike
1-2: Foul Ball, location: 2F
1-2: Ball
2-2: Ball
3-2: Fly out, F7 (Flyball, 7)
Batting: LHB Keith Pick 0-0: Foul Ball, location: 2F
0-1: Swinging Strike
0-2: Strikes out swinging
Batting: LHB Palaie Gaoteote 0-0: Foul Ball, location: 2F
0-1: Ball
1-1: Foul Ball, location: 2F
1-2: Ball
2-2: Strikes out looking
Top of the 1st over - 0 runs, 0 hits, 0 errors, 0 left on base; Quebec 0 - Crowley 0
BOTTOM OF THE 1ST
Crowley Cajuns batting - Pitching for Quebec Rookies : RHP Olaf Solleveld
Pitching: RHP Olaf Solleveld
Batting: RHB Lucas Winslade 0-0: Called Strike
0-1: Ball
1-1: Bunt missed!
1-2: SINGLE (Groundball, 6MD)
Batting: RHB Stephen Warren 0-0: Ball
1-0: Ball
2-0: Called Strike
2-1: Ball
3-1: Swinging Strike
3-2: Grounds into double play, 4-6-3 (Groundball, 4)
Batting: RHB Albert Seals 0-0: Ball
1-0: Fly out, F8 (Flyball, 8RS)
Bottom of the 1st over - 0 runs, 1 hit, 0 errors, 0 left on base; Quebec 0 - Crowley 0
TOP OF THE 2ND
Quebec Rookies batting - Pitching for Crowley Cajuns : RHP Zhong-yi Huang
Batting: RHB Jon Deal 0-0: Foul Ball, location: 2F
0-1: Foul Ball, location: 2F
0-2: Ball
1-2: Foul Ball, location: 2F
1-2: Strikes out swinging
Batting: RHB Sal Elliott 0-0: Swinging Strike
0-1: Swinging Strike
0-2: Foul Ball, location: 2F
0-2: Foul Ball, location: 2F
0-2: Ball
1-2: Ball
2-2: Foul Ball, location: 2F
2-2: Ball
3-2: SINGLE (Groundball, 34D)
Batting: RHB Alejandro Córdova 0-0: Foul Ball, location: 2F
0-1: Foul Ball, location: 2F
0-2: Strikes out swinging
Batting: RHB Justin Hunt 0-0: Called Strike
0-1: Called Strike
0-2: Strikes out swinging
Top of the 2nd over - 0 runs, 1 hit, 0 errors, 1 left on base; Quebec 0 - Crowley 0
BOTTOM OF THE 2ND
Crowley Cajuns batting - Pitching for Quebec Rookies : RHP Olaf Solleveld
Batting: RHB Pancho Espinoza 0-0: Ball
1-0: Ball
2-0: Called Strike
2-1: Foul Ball, location: 2F
2-2: Ball
3-2: Reached on error, E5 (Groundball, 56)
Batting: RHB Dane Bernstine 0-0: Ground out 6-3 (Groundball, 56D)
Batting: LHB José Soriano 0-0: Ground out 5-3 (Groundball, 56)
Batting: RHB Luis Medina 0-0: Ball
1-0: Called Strike
1-1: Swinging Strike
1-2: Ball
2-2: Strikes out swinging
Bottom of the 2nd over - 0 runs, 0 hits, 1 error, 1 left on base; Quebec 0 - Crowley 0
TOP OF THE 3RD
Quebec Rookies batting - Pitching for Crowley Cajuns : RHP Zhong-yi Huang
Batting: RHB Christian Patriarche 0-0: Ball
1-0: Swinging Strike
1-1: Called Strike
1-2: Ball
2-2: Strikes out looking
Batting: RHB Punisa Tukovic 0-0: Called Strike
0-1: Ball
1-1: Foul Ball, location: 2F
1-2: Ball
2-2: Strikes out swinging
Batting: LHB Scott Miles 0-0: Called Strike
0-1: Ball
1-1: Ball
2-1: Foul Ball, location: 2F
2-2: Ball
3-2: Base on Balls
Batting: LHB Keith Pick 0-0: Called Strike
Scott Miles is caught stealing 2nd base
Top of the 3rd over - 0 runs, 0 hits, 0 errors, 0 left on base; Quebec 0 - Crowley 0
BOTTOM OF THE 3RD
Crowley Cajuns batting - Pitching for Quebec Rookies : RHP Olaf Solleveld
Batting: RHB Porter Ware 0-0: Called Strike
0-1: Ball
1-1: Fly out, F4 (Line Drive, 4)
Batting: RHB James Strickland 0-0: Ball
1-0: SINGLE (Groundball, 6) (infield hit)
Batting: RHB Lucas Winslade 0-0: Fly out, F7 (Flyball, 78S)
Batting: RHB Stephen Warren 0-0: Swinging Strike
0-1: Ball
1-1: Called Strike
1-2: Foul Ball, location: 2F
1-2: Foul Ball, location: 2F
1-2: Strikes out looking
Bottom of the 3rd over - 0 runs, 1 hit, 0 errors, 1 left on base; Quebec 0 - Crowley 0
TOP OF THE 4TH
Quebec Rookies batting - Pitching for Crowley Cajuns : RHP Zhong-yi Huang
Batting: LHB Keith Pick 0-0: Ball
1-0: Ball
2-0: Called Strike
2-1: Ball
3-1: Called Strike
3-2: Foul Ball, location: 2F
3-2: Strikes out swinging
Batting: LHB Palaie Gaoteote 0-0: Called Strike
0-1: Ball
1-1: Ball
2-1: Foul Ball, location: 2F
2-2: Foul Ball, location: 2F
2-2: Ball
3-2: Foul Ball, location: 2F
3-2: Base on Balls
Batting: RHB Jon Deal 0-0: SINGLE (Groundball, 6) (infield hit)
Palaie Gaoteote to second
Batting: RHB Sal Elliott 0-0: Swinging Strike
0-1: Fly out, F9 (Flyball, 9S)
Batting: RHB Alejandro Córdova 0-0: Ball
1-0: Ball
2-0: Called Strike
2-1: Fly out, F5 (Line Drive, 5S)
Top of the 4th over - 0 runs, 1 hit, 0 errors, 2 left on base; Quebec 0 - Crowley 0
BOTTOM OF THE 4TH
Crowley Cajuns batting - Pitching for Quebec Rookies : RHP Olaf Solleveld
Batting: RHB Albert Seals 0-0: Ball
1-0: Swinging Strike
1-1: Ball
2-1: SINGLE (Line Drive, 4MD)
Batting: RHB Pancho Espinoza 0-0: Ball
1-0: SINGLE (Groundball, 56D)
Albert Seals to second
Batting: RHB Dane Bernstine 0-0: Grounds into double play, 5-4-3 (Groundball, 56)
Albert Seals to third
Batting: LHB José Soriano 0-0: Called Strike
0-1: Ball
1-1: Ball
2-1: Foul Ball, location: 2F
2-2: Ball
3-2: Base on Balls
Batting: RHB Luis Medina 0-0: Ball
1-0: Called Strike
1-1: Ball
2-1: Fly out, F8 (Flyball, 8RD)
Bottom of the 4th over - 0 runs, 2 hits, 0 errors, 2 left on base; Quebec 0 - Crowley 0
TOP OF THE 5TH
Quebec Rookies batting - Pitching for Crowley Cajuns : RHP Zhong-yi Huang
Batting: RHB Justin Hunt 0-0: Swinging Strike
0-1: Foul Ball, location: 2F
0-2: Strikes out swinging
Batting: RHB Christian Patriarche 0-0: Ball
1-0: Ball
2-0: Foul Ball, location: 2F
2-1: Swinging Strike
2-2: Strikes out swinging
Batting: RHB Punisa Tukovic 0-0: Ball
1-0: Swinging Strike
1-1: Foul Ball, location: 2F
1-2: Ball
2-2: Ground out 6-3 (Groundball, 6)
Top of the 5th over - 0 runs, 0 hits, 0 errors, 0 left on base; Quebec 0 - Crowley 0
BOTTOM OF THE 5TH
Crowley Cajuns batting - Pitching for Quebec Rookies : RHP Olaf Solleveld
Batting: RHB Porter Ware 0-0: Ball
1-0: Ball
2-0: Ball
3-0: Called Strike
3-1: Called Strike
3-2: Strikes out looking
Batting: RHB James Strickland 0-0: Foul Ball, location: 2F
0-1: Ball
1-1: Ground out 5-3 (Groundball, 56S)
Batting: RHB Lucas Winslade 0-0: Ball
1-0: Called Strike
1-1: Fly out, F9 (Line Drive, 9S)
Bottom of the 5th over - 0 runs, 0 hits, 0 errors, 0 left on base; Quebec 0 - Crowley 0
TOP OF THE 6TH
Quebec Rookies batting - Pitching for Crowley Cajuns : RHP Zhong-yi Huang
Batting: LHB Scott Miles 0-0: Ball
1-0: Called Strike
1-1: Ball
2-1: Ball
3-1: Called Strike
3-2: Base on Balls
Batting: LHB Keith Pick 0-0: Called Strike
0-1: Swinging Strike
0-2: Ball
1-2: Ball
2-2: Ball
3-2: Foul Ball, location: 2F
3-2: Strikes out looking
Pitching: RHP José Rodríguez
Batting: LHB Palaie Gaoteote 0-0: Ball
Scott Miles steals 2nd base
1-0: Intentional Walk
Batting: RHB Jon Deal 0-0: Ball
1-0: Single, Error in OF, E8, batter to second base
Scott Miles scores
Palaie Gaoteote to third
Batting: RHB Sal Elliott 0-0: Intentional Walk
Batting: RHB Alejandro Córdova 0-0: Ball
1-0: Ball
2-0: Grounds into fielders choice 6-2 (Groundball, 56)
Jon Deal to third
Sal Elliott to second
Batting: RHB Justin Hunt 0-0: Ball
1-0: Swinging Strike
1-1: Swinging Strike
1-2: Foul Ball, location: 2F
1-2: Ball
2-2: Ground out 4-3 (Groundball, 4)
Top of the 6th over - 1 run, 1 hit, 1 error, 3 left on base; Quebec 1 - Crowley 0
BOTTOM OF THE 6TH
Crowley Cajuns batting - Pitching for Quebec Rookies : RHP Olaf Solleveld
Batting: RHB Stephen Warren 0-0: SINGLE (Line Drive, 7S)
Batting: RHB Albert Seals 0-0: Ball
1-0: Ball
2-0: Called Strike
2-1: Fielders Choice at 2nd, 1-6 (Groundball, 13S)
Batting: RHB Pancho Espinoza 0-0: Ball
1-0: Ball
2-0: Ball
3-0: Called Strike
3-1: Fly out, F7 (Flyball, 7D)
Batting: RHB Dane Bernstine 0-0: Called Strike
0-1: Foul Ball, location: 2F
0-2: Foul Ball, location: 2F
0-2: Foul Ball, location: 2F
0-2: Ball
1-2: SINGLE (Groundball, 4MD)
Albert Seals to second
Runner from 2nd tries for 3rd, OUT!
Bottom of the 6th over - 0 runs, 2 hits, 0 errors, 1 left on base; Quebec 1 - Crowley 0
TOP OF THE 7TH
Quebec Rookies batting - Pitching for Crowley Cajuns : RHP José Rodríguez
Batting: RHB Christian Patriarche 0-0: Foul Ball, location: 2F
0-1: Swinging Strike
0-2: Foul Ball, location: 2F
0-2: Ball
1-2: Ball
2-2: Foul Ball, location: 2F
2-2: Foul Ball, location: 2F
2-2: Ball
3-2: Base on Balls
Batting: RHB Punisa Tukovic 0-0: Bunted foul
0-1: Bunted foul
0-2: Ball
1-2: SINGLE (Groundball, 6MD)
Christian Patriarche to second
Runner from 2nd tries for 3rd, SAFE, no throw
Batting: LHB Scott Miles 0-0: Called Strike
0-1: Ball
1-1: Foul Ball, location: 2F
1-2: SINGLE (Groundball, 34) (infield hit)
Christian Patriarche scores
Punisa Tukovic to second
Batting: LHB Keith Pick 0-0: Swinging Strike
0-1: Ball
1-1: Swinging Strike
1-2: Foul Ball, location: 2F
1-2: Strikes out swinging
Batting: LHB Palaie Gaoteote 0-0: Called Strike
0-1: Foul Ball, location: 2F
0-2: Ball
1-2: Foul Ball, location: 2F
1-2: Foul Ball, location: 2F
1-2: Foul Ball, location: 2F
1-2: 3-RUN HOME RUN (Flyball, 89XD), Distance : 413 ft
Batting: RHB Jon Deal 0-0: Called Strike
0-1: Ball
1-1: Ground out 4-3 (Groundball, 4)
Batting: RHB Sal Elliott 0-0: SINGLE (Flyball, 78M)
Batting: RHB Alejandro Córdova 0-0: Swinging Strike
0-1: Foul Ball, location: 2F
0-2: Ball
1-2: Ball
2-2: Foul Ball, location: 2F
2-2: SINGLE (Flyball, 9LS)
Sal Elliott to second
Pitching: RHP Mihai Dumitru
Batting: RHB Justin Hunt 0-0: Swinging Strike
0-1: Foul Ball, location: 2F
0-2: Strikes out swinging
Top of the 7th over - 4 runs, 5 hits, 0 errors, 2 left on base; Quebec 5 - Crowley 0
BOTTOM OF THE 7TH
Crowley Cajuns batting - Pitching for Quebec Rookies : RHP Olaf Solleveld
Batting: LHB José Soriano 0-0: Called Strike
0-1: Ball
1-1: Called Strike
1-2: Foul Ball, location: 2F
1-2: Ball
2-2: Ball
3-2: Ground out 6-3 (Groundball, 6)
Batting: RHB Luis Medina 0-0: Called Strike
0-1: Ball
1-1: Ball
2-1: Fly out, F8 (Flyball, 78M)
Batting: RHB Porter Ware 0-0: Ball
1-0: Called Strike
1-1: Fly out, F9 (Flyball, 89S)
Bottom of the 7th over - 0 runs, 0 hits, 0 errors, 0 left on base; Quebec 5 - Crowley 0
TOP OF THE 8TH
Quebec Rookies batting - Pitching for Crowley Cajuns : RHP Mihai Dumitru
Batting: RHB Christian Patriarche 0-0: Foul Ball, location: 2F
0-1: Ball
1-1: Foul Ball, location: 2F
1-2: Ball
2-2: Strikes out swinging
Batting: RHB Punisa Tukovic 0-0: Foul Ball, location: 2F
0-1: Ball
1-1: Swinging Strike
1-2: Ground out 4-3 (Groundball, 4)
Batting: LHB Scott Miles 0-0: Called Strike
0-1: Ball
1-1: Foul Ball, location: 2F
1-2: Foul Ball, location: 2F
1-2: Ball
2-2: Ball
3-2: Ground out 1-3 (Groundball, 15S)
Top of the 8th over - 0 runs, 0 hits, 0 errors, 0 left on base; Quebec 5 - Crowley 0
BOTTOM OF THE 8TH
Crowley Cajuns batting - Pitching for Quebec Rookies : RHP Olaf Solleveld
Now in CF: Marx Vink
Batting: RHB James Strickland 0-0: Ball
1-0: Foul Ball, location: 2F
1-1: Ball
2-1: Ball
3-1: Called Strike
3-2: Strikes out swinging
Batting: RHB Lucas Winslade 0-0: Swinging Strike
0-1: Ball
1-1: Foul Ball, location: 2F
1-2: Strikes out looking
Batting: RHB Stephen Warren 0-0: Ball
1-0: Foul Ball, location: 2F
1-1: SINGLE (Groundball, 56D)
Batting: RHB Albert Seals 0-0: Ground out 1-3 (Groundball, P)
Bottom of the 8th over - 0 runs, 1 hit, 0 errors, 1 left on base; Quebec 5 - Crowley 0
TOP OF THE 9TH
Quebec Rookies batting - Pitching for Crowley Cajuns : RHP Mihai Dumitru
Pitching: RHP Júlio Antunez
Batting: LHB Keith Pick 0-0: Ball
1-0: Ball
2-0: Called Strike
2-1: Foul Ball, location: 2F
2-2: Ball
3-2: Strikes out swinging
Batting: LHB Palaie Gaoteote 0-0: Ball
1-0: Foul Ball, location: 2F
1-1: Fly out, F7 (Flyball, 78M)
Batting: RHB Jon Deal 0-0: Swinging Strike
0-1: Ball
1-1: Ball
2-1: Ball
3-1: Fly out, F7 (Line Drive, 78D)
Top of the 9th over - 0 runs, 0 hits, 0 errors, 0 left on base; Quebec 5 - Crowley 0
BOTTOM OF THE 9TH
Crowley Cajuns batting - Pitching for Quebec Rookies : RHP Olaf Solleveld
Now at C: António Sánchez
Batting: RHB Pancho Espinoza 0-0: Ball
1-0: SINGLE (Groundball, 6MD)
Pitching: RHP Dennis Schep
Batting: RHB Dane Bernstine 0-0: Ball
1-0: Foul Ball, location: 2F
1-1: Ball
2-1: Ball
3-1: Fly out, F9 (Flyball, 9)
Batting: LHB José Soriano 0-0: Ground out U3 (Groundball, 34)
Pancho Espinoza to second
Batting: RHB Luis Medina 0-0: Swinging Strike
0-1: Ball
1-1: Foul Ball, location: 2F
1-2: Strikes out swinging
Bottom of the 9th over - 0 runs, 1 hit, 0 errors, 1 left on base; Quebec 5 - Crowley 0
Saturday, December 22nd, 2018 - OOTP Baseball 18.8 Build 76